 Dungeon Crawl Stone Soup version 0.24-a0-350-g5b3daab8ba (webtiles) character file.

Game seed: 730077996344247994

30114 emperorscorpion the Carver (level 13, -3/156 HPs)
             Began as a Demonspawn Berserker on May 15, 2019.
             Was the Champion of Trog.
             Slain by an enormous slime creature (49 damage)
             ... on level 14 of the Dungeon on May 23, 2019.
             The game lasted 00:32:18 (16930 turns).

emperorscorpion the Carver (Demonspawn Berserker)  Turns: 16930, Time: 00:32:18

Health: -3/156     AC: 13    Str: 26    XL:     13   Next: 18%
Magic:  0/13       EV: 12    Int:  9    God:    Trog [******]
Gold:   857        SH: 11    Dex: 14    Spells: 12/12 levels left

rFire    . . .     SeeInvis +   a - +5 long sword (freeze)
rCold    . . .     Gourm    +   T - +0 shield
rNeg     . . .     Faith    .   I - +0 scale mail
rPois    +         Spirit   +   (helmet unavailable)
rElec    .         Reflect  .   n - +0 cloak
rCorr    .         Harm     .   D - +0 pair of gloves
MR       .....                  (no boots)
Stlth    ..........             t - amulet of the gourmand
HPRegen  0.36/turn              m - ring of poison resistance
MPRegen  0.13/turn              V - +6 ring of slaying

@: berserking (expiring), lethally poisoned (-3 -> -5), very quick
A: antennae 3, thin metallic scales 1, magic shield
a: Berserk, Trog's Hand, Brothers in Arms, Renounce Religion


You were on level 14 of the Dungeon.
You worshipped Trog.
Trog was exalted by your worship.
You were very full.

You visited 1 branch of the dungeon, and saw 14 of its levels.
You also visited: Ossuary.

You collected 857 gold pieces.

Inventory:

Hand Weapons
 a - a +5 long sword of freezing (weapon)
 b - a +2 scimitar of flaming
 F - the +1 quarterstaff "Wupack" {elec, Int+7}
   (You found it on level 5 of the Dungeon)

   Occasionally, upon striking a foe, it will discharge some electrical energy
   and cause terrible harm.
   It affects your intelligence (+7).
Missiles
 g - 6 boomerangs
 j - 10 javelins (quivered)
 G - 8 silver boomerangs
 H - 6 boomerangs of dispersal
 L - 34 poisoned darts
Armour
 n - a +0 cloak (worn)
 D - a +0 pair of gloves (worn)
 I - a +0 scale mail (worn)
 T - a +0 shield (worn)
Jewellery
 m - a ring of poison resistance (left hand)
 t - an amulet of the gourmand (around neck)
 S - a +4 ring of evasion
 V - a +6 ring of slaying (right hand)
Wands
 q - a wand of disintegration (11)
 J - a wand of flame (7)
 R - a wand of acid (4)
 Y - a wand of paralysis (7)
 Z - a wand of random effects (45)
Scrolls
 d - a scroll of blinking
 f - 6 scrolls of fear
 o - 4 scrolls of amnesia
 p - 12 scrolls of teleportation
 r - 3 scrolls of remove curse
 s - 2 scrolls of noise
 v - a scroll of magic mapping
 K - 3 scrolls of identify
 M - a scroll of enchant armour
 P - 2 scrolls of enchant weapon
Potions
 e - 2 potions of mutation {unknown}
 h - 3 potions of heal wounds
 i - 6 potions of agility
 k - 2 potions of flight
 l - 2 potions of might
 u - a potion of invisibility
 x - 5 potions of cancellation
 A - 9 potions of curing
 E - 2 potions of brilliance
 N - a potion of magic {unknown}
 O - 2 potions of haste {unknown}
 U - a potion of ambrosia {unknown}
Comestibles
 c - 22 rations
 w - a chunk of flesh


   Skills:
 + Level 10.6 Fighting
 + Level 12.5 Long Blades
 - Level 0.1 Staves
 + Level 0.3 Throwing
 + Level 10.1 Armour
 + Level 6.5 Dodging
 + Level 5.0 Stealth
 + Level 5.8 Shields
 + Level 0.1 Evocations


You had 12 spell levels left.
You didn't know any spells.
Your spell library was empty.

Dungeon Overview and Level Annotations

Branches:
Dungeon (14/15) Temple (0/1) D:7 Lair (0/6) D:11 Orc (0/2) D:10 Vaults (0/5) D:12 D:13

Altars:
Dithmenos
Elyvilon
Hepliaklqana
Kikubaaqudgha
Nemelex Xobeh
Trog
Vehumet
The Shining One
Beogh

Shops:
D:4 ?   D:7 }   D:14 *


Innate Abilities, Weirdness & Mutations

You have a pair of large antennae on your head. (SInv)
You are partially covered in thin metallic scales. (AC +2)
When hurt, damage is shared between your health and your magic reserves.


Message History

You slice the enormous slime creature!! You freeze the enormous slime creature!
The enormous slime creature is severely wounded.
You block the hornet's attack.
You slash the enormous slime creature! You freeze the enormous slime creature.
The enormous slime creature is severely wounded.
The enormous slime creature hits you! The hornet barely misses you.
You completely miss the enormous slime creature.
The enormous slime creature is severely wounded.
The hornet stings you.
You are poisoned.
You block the enormous slime creature's attack.
You slice the enormous slime creature!! You freeze the enormous slime creature.
The enormous slime creature is almost dead.
You feel sick. The hornet barely misses you.
You riposte.
You slice the hornet!! You freeze the hornet.
The hornet is severely wounded.
You slash the enormous slime creature! You freeze the enormous slime creature.
The enormous slime creature is almost dead.
The enormous slime creature hits you!!!
You die...

#. #..# #.#
#8.8.8
#.##.####.#
.⌠.⌠.##.........#
.∩.8....#.######
y.⌠.###.#.#
.8.8!.....#
##.###.###
#y###.# #.@J..#
#######


You could see an enormous slime creature and a hornet.

Vanquished Creatures
  Harold (D:8)
  2 centaur warriors (D:13)
  4 two-headed ogres
  2 tengu warriors
  A deep elf knight (D:12)
  2 unseen horrors
  2 orc knights
  5 ugly things
  Maurice (D:8)
  Psyche (D:9)
  A gargoyle (D:10)
  A kobold demonologist (D:11)
  2 trolls
  A queen bee (D:10)
  3 hippogriffs
  A shadow (D:13)
  3 wyverns
  14 humans
  19 yaks
  A hungry ghost (D:13)
  A steam dragon (D:8)
  Grum (D:10)
  3 vampire mosquitoes (D:13)
  Duvessa (D:6)
  An acid dragon (D:12)
  2 ice beasts
  An eye of draining (D:13)
  A phantom (D:9)
  A black bear (D:10)
  A hornet zombie (D:12)
  10 orc warriors
  3 sky beasts
  3 ogres
  A necrophage (D:10)
  10 centaurs
  4 wolves (D:10)
  A big kobold (D:8)
  A crocodile (D:7)
  10 bullfrogs
  7 scorpions
  Dowan (D:6)
  A wyvern skeleton (D:12)
  49 killer bees
  13 wights
  9 howler monkeys
  6 crimson imps
  A bullfrog zombie (D:13)
  4 jellies
  A quasit (D:13)
  16 orc priests
  A gnoll shaman (D:4)
  9 hounds
  16 orc wizards
  2 bullfrog skeletons
  4 centaur skeletons
  8 worker ants
  4 iguanas
  A big kobold zombie (Ossuary)
  2 hound skeletons (D:4)
  4 mummies
  11 gnolls
  15 adders
  6 shadow imps
  An ooze (D:1)
  3 adder skeletons
  4 adder zombies (Ossuary)
  5 worms
  3 dart slugs (D:2)
  8 leopard geckos
  65 orcs
  6 bats
  11 giant cockroaches
  6 goblins
  9 hobgoblins
  9 jackals
  16 kobolds
  2 quokkas (D:10)
  A ball python skeleton (D:4)
  6 frilled lizards
  A gnoll zombie (Ossuary)
  5 goblin zombies (Ossuary)
  A hobgoblin zombie (Ossuary)
  3 kobold zombies (Ossuary)
  A leopard gecko skeleton (D:5)
  7 rats
  3 rat zombies (Ossuary)
490 creatures vanquished.

Vanquished Creatures (collateral kills)
  Erica (D:8)
  3 ugly things (D:14)
  A sky beast (D:8)
  A phantom (D:8)
  2 killer bees (D:7)
  A worker ant (D:14)
  An orc (D:8)
10 creatures vanquished.

Vanquished Creatures (others)
  2 humans
  A hound (D:13)
  A worker ant (D:13)
4 creatures vanquished.

Grand Total: 504 creatures vanquished

Notes
Turn   | Place    | Note
-------+----------+-------------------------------------------
     0 | D:1      | emperorscorpion the Demonspawn Berserker began the quest
                  | for the Orb.
     0 | D:1      | Reached XP level 1. HP: 18/18 MP: 1/1
    94 | D:1      | Reached skill level 3 in Long Blades
    95 | D:1      | Gained mutation: You have a pair of small antennae on your
                  | head. [demonic ancestry]
    95 | D:1      | Reached XP level 2. HP: 24/24 MP: 2/2
   647 | D:2      | Reached ** piety under Trog
   647 | D:2      | Gained mutation: When hurt, damage is shared between your
                  | health and your magic reserves. [demonic ancestry]
   647 | D:2      | Reached XP level 3. HP: 29/29 MP: 3/3
  1050 | D:2      | Found a shadowy altar of Dithmenos.
  1056 | D:2      | Gained mutation: You have a pair of antennae on your head.
                  | [demonic ancestry]
  1056 | D:2      | Reached XP level 4. HP: 35/35 MP: 4/4
  2227 | D:3      | Reached *** piety under Trog
  2247 | D:3      | Reached skill level 4 in Long Blades
  2247 | D:3      | Reached XP level 5. HP: 12/42 MP: 2/5
  3008 | D:4      | Found Doczump's Magic Scroll Shoppe.
  3020 | D:4      | Reached XP level 6. HP: 48/48 MP: 6/6
  3023 | D:4      | Reached skill level 5 in Long Blades
  3231 | D:4      | Reached XP level 7. HP: 55/55 MP: 7/7
  3549 | D:4      | Reached **** piety under Trog
  3572 | D:4      | Reached skill level 6 in Long Blades
  3775 | D:4      | Reached XP level 8. HP: 61/61 MP: 8/8
  3940 | D:4      | Reached skill level 5 in Fighting
  4205 | D:5      | Entered Level 5 of the Dungeon
  4431 | D:5      | Got a transparent quarterstaff
  4436 | D:5      | Identified the cursed +1 quarterstaff "Wupack" {elec,
                  | Int+7} (You found it on level 5 of the Dungeon)
  4437 | D:5      | Upgraded the game from 0.24-a0-312-g16217b4 to
                  | 0.24-a0-342-gad4687c37d
  4448 | D:5      | Noticed a moth of wrath
  4476 | D:5      | Found a bloodstained altar of Trog.
  4827 | D:5      | Found an ancient bone altar of Kikubaaqudgha.
  5348 | D:6      | Noticed Duvessa
  5362 | D:6      | Noticed Dowan
  5376 | D:6      | Killed Duvessa
  5376 | D:6      | Reached skill level 7 in Long Blades
  5376 | D:6      | Reached skill level 5 in Armour
  5446 | D:6      | Killed Dowan
  5446 | D:6      | Reached ***** piety under Trog
  5511 | D:6      | Found a sparkling altar of Nemelex Xobeh.
  5513 | D:6      | Found a radiant altar of Vehumet.
  6128 | D:7      | Found a staircase to the Ecumenical Temple.
  6157 | D:7      | Noticed a hippogriff
  6171 | D:7      | Killed a hippogriff
  6171 | D:7      | Reached skill level 1 in Stealth
  6171 | D:7      | Reached XP level 9. HP: 69/69 MP: 6/9
  6723 | D:7      | Found Gefaokeucwu's Gadget Shoppe.
  7399 | D:8      | Noticed a two-headed ogre
  7405 | D:8      | Killed a two-headed ogre
  7451 | D:8      | Noticed a two-headed ogre
  7459 | D:8      | Killed a two-headed ogre
  7459 | D:8      | Gained mutation: You have a pair of large antennae on your
                  | head. (SInv) [demonic ancestry]
  7459 | D:8      | Reached XP level 10. HP: 79/79 MP: 7/10
  7489 | D:8      | Found a sand-covered staircase.
  7490 | D:8      | Noticed Erica
  7495 | Ossuary  | Entered an ossuary
  7724 | Ossuary  | Reached skill level 8 in Long Blades
  7890 | D:8      | Killed Erica
  8008 | D:8      | Received a gift from Trog
  8202 | D:8      | Noticed Harold
  8214 | D:8      | Killed Harold
  8214 | D:8      | Reached skill level 5 in Dodging
  8271 | D:8      | Noticed Maurice
  8291 | D:8      | Reached skill level 9 in Long Blades
  8304 | D:8      | Killed Maurice
  8725 | D:8      | Reached skill level 1 in Shields
  9101 | D:9      | Noticed an unseen horror
  9115 | D:9      | Killed an unseen horror
  9115 | D:9      | Reached XP level 11. HP: 75/86 MP: 7/11
  9576 | D:9      | Noticed Psyche
  9591 | D:9      | Killed Psyche
  9711 | D:9      | Found a glowing golden altar of the Shining One.
 10006 | D:10     | Entered Level 10 of the Dungeon
 10008 | D:10     | Found a roughly hewn altar of Beogh.
 10008 | D:10     | Found a staircase to the Orcish Mines.
 10183 | D:11     | Reached skill level 10 in Long Blades
 10531 | D:11     | Found a hazy altar of Hepliaklqana.
 10543 | D:11     | Found a staircase to the Lair.
 10641 | D:11     | Noticed a two-headed ogre
 10647 | D:11     | Killed a two-headed ogre
 11392 | D:10     | Noticed an orc knight
 11414 | D:10     | Killed an orc knight
 11940 | D:10     | Received a gift from Trog
 12207 | D:10     | Found a white marble altar of Elyvilon.
 12351 | D:10     | Received a gift from Trog
 12399 | D:10     | Noticed Grum
 12406 | D:10     | Killed Grum
 13328 | D:10     | Reached skill level 11 in Long Blades
 13591 | D:12     | Reached XP level 12. HP: 83/95 MP: 10/12
 13751 | D:12     | Upgraded the game from 0.24-a0-342-gad4687c37d to
                  | 0.24-a0-350-g5b3daab8ba
 15120 | D:13     | Found a gate to the Vaults.
 15120 | D:13     | Noticed a centaur warrior
 15120 | D:13     | Noticed a two-headed ogre
 15120 | D:13     | Noticed a tengu warrior
 15120 | D:13     | Noticed a tengu warrior
 15128 | D:13     | Killed a tengu warrior
 15136 | D:13     | Killed a two-headed ogre
 15147 | D:12     | Killed a tengu warrior
 15147 | D:12     | Reached skill level 10 in Fighting
 15157 | D:12     | Reached skill level 5 in Shields
 15454 | D:13     | Reached skill level 12 in Long Blades
 15534 | D:13     | Reached skill level 10 in Armour
 15615 | D:13     | Killed a centaur warrior
 15912 | D:13     | Reached ****** piety under Trog
 16148 | D:13     | Noticed a centaur warrior
 16170 | D:13     | Killed a centaur warrior
 16170 | D:13     | Gained mutation: You are partially covered in thin metallic
                  | scales. (AC +2) [demonic ancestry]
 16170 | D:13     | Reached XP level 13. HP: 67/104 MP: 9/13
 16781 | D:14     | Reached skill level 5 in Stealth
 16912 | D:14     | Found Sokhukac's General Store.
 16930 | D:14     | Slain by an enormous slime creature

Levels and vault maps discovered:
D:1:      dpeg_arrival_rooms_b, layout_basic
D:2:      layout_rooms, nicolae_dithmenos_shadow_blocks, serial_forest,
          infiniplex_forest_lined_3, infiniplex_forest_end_1,
          infiniplex_forest_clump_medium, infiniplex_forest_lined_4_way,
          infiniplex_forest_straight_3, infiniplex_forest_straight_3,
          infiniplex_forest_corner_2, infiniplex_forest_lined_room_2,
          infiniplex_forest_clump_small, infiniplex_forest_clump_medium
D:3:      layout_loops_cross, first_ration
D:4:      layout_loops_ring, serial_shops, nicolae_shop_trees, minmay_quantized
D:5:      layout_loops_corners, kiku_gazebo_pond_becter, tgw_trog,
          chequers_serial_rivers_small_a
D:6:      layout_gridville, nicolae_overflow_hidden_temple, uniq_duvessa
D:7:      layout_gridville, minmay_temple_entry_large_hall, serial_shops, shop
D:8:      layout_loops_ring, gup_ossuary_entry_pyramid, uniq_maurice,
          uniq_erica, uniq_harold
D:9:      layout_basic, lemuel_crystal_altar, uniq_psyche
D:10:     layout_rooms, david_orc_5, special_room [special_room_bee],
          elyvilon_altar_5, uniq_grum
D:11:     wander_river, layout_long_grid, lair_entry_dummy, basic_altar
D:12:     layout_stronghold, serial_column_ruins, column_ruins_columns_straight,
          column_ruins_grid_3, column_ruins_grid_3, column_ruins_grid_1,
          column_ruins_columns_straight
D:13:     layout_rooms, david_vaults_3
D:14:     layout_loops_corners, serial_shops,
          nicolae_shop_temple_entry_statues_fountains

Skill      XL: |  1  2  3  4  5  6  7  8  9 10 11 12 13 |
---------------+----------------------------------------+-----
Long Blades    | 3 4 5 6 7 9 11 12 | 12.5
Armour         | 2 3 4 5 8 9 10 | 10.1
Dodging        | 2 3 4 5 6 |  6.5
Fighting       | 4 5 7 8 9 10 | 10.6
Stealth        | 1 2 3 4 5 |  5.0
Shields        | 1 3 5 |  5.8
Staves         | |  0.1
Throwing       | |  0.3
Evocations     | |  0.1

Action                   |  1- 3 |  4- 6 |  7- 9 | 10-12 | 13-15 || total
-------------------------+-------+-------+-------+-------+-------++-------
Melee: Falchion          |   116 |   227 |   124 |       |       ||   467
       Long sword        |       |       |    86 |   783 |    70 ||   939
       Quarterstaff      |       |       |   126 |       |       ||   126
Throw: Javelin           |       |       |       |     4 |       ||     4
Invok: Berserk           |       |     6 |    16 |    13 |     2 ||    37
       Trog's Hand       |       |     1 |       |     3 |       ||     4
       Brothers in Arms  |       |       |     1 |     2 |     1 ||     4
Evoke: Wand              |       |       |       |     1 |       ||     1
  Use: Scroll            |       |       |    21 |     4 |       ||    25
       Potion            |       |       |     1 |     2 |       ||     3
 Stab: Invisible         |       |       |       |    12 |       ||    12
       Sleeping          |       |       |       |     2 |       ||     2
  Eat: Chunk             |     1 |    12 |    21 |    54 |     4 ||    92
       Ration            |       |       |     2 |     1 |       ||     3
Armor: Ring mail         |    43 |       |       |       |       ||    43
       Scale mail        |    13 |    86 |   174 |   232 |    11 ||   516
Dodge: Dodged            |    68 |   122 |   220 |   339 |    13 ||   762
Block: Shield            |       |       |       |   342 |    21 ||   363
       Rpst.: Falchion   |    24 |    32 |    26 |       |       ||    82
       Long sword        |       |       |     9 |    98 |     3 ||   110

Table legend:
 A = Non-vault XP
 B = Vault XP
 C = Vault XP percentage of total XP
 D = Non-vault monster count
 E = Vault monster count
 F = Vault count percentage of total count
                 A         B        C        D         E       F
            +---------+---------+-------+---------+---------+-------
      Total |   30347 |   12674 |  29.5 |     394 |     107 |  21.4
            +---------+---------+-------+---------+---------+-------
        D:1 |      40 |       0 |   0.0 |      22 |       0 |   0.0
        D:2 |      82 |       0 |   0.0 |      32 |       0 |   0.0
        D:3 |     146 |       0 |   0.0 |      26 |       0 |   0.0
        D:4 |    1243 |      38 |   3.0 |      45 |       2 |   4.3
        D:5 |     109 |      13 |  10.7 |       7 |       5 |  41.7
        D:6 |     573 |     226 |  28.3 |      15 |       2 |  11.8
        D:7 |    1062 |       0 |   0.0 |      17 |       0 |   0.0
        D:8 |    4198 |    2028 |  32.6 |      60 |       4 |   6.2
        D:9 |    2755 |     410 |  13.0 |      41 |       1 |   2.4
       D:10 |    1476 |    3832 |  72.2 |      23 |      52 |  69.3
       D:11 |    2257 |      61 |   2.6 |      13 |       1 |   7.1
       D:12 |    6658 |    1489 |  18.3 |      48 |       5 |   9.4
       D:13 |    6089 |    4463 |  42.3 |      30 |      14 |  31.8
       D:14 |    3659 |       0 |   0.0 |      15 |       0 |   0.0
    Ossuary |       0 |     114 | 100.0 |       0 |      21 | 100.0
            +---------+---------+-------+---------+---------+-------
